 Dungeon Crawl Stone Soup version 0.29.1-15-g9cfb28693d (webtiles) character file.

Game seed: 7643981632837518726

2 BiteMe the Firebug (level 1, -1/13 HPs)
             Began as a Demonspawn Fire Elementalist on Feb 26, 2023.
             Slain by a jackal (3 damage)
             ... on level 1 of the Dungeon.
             The game lasted 00:01:09 (59 turns).

BiteMe the Firebug (Demonspawn Fire Elementalist)     Turns: 59, Time: 00:01:09

Health: -1/13      AC:  2    Str:  8    XL:     1   Next: 33%
Magic:  1/3        EV: 12    Int: 16    God:
Gold:   0          SH:  0    Dex: 13    Spells: 3/4 levels left

rFire   . . .      SeeInvis .   (no weapon)
rCold   . . .      Faith    .   (no shield)
rNeg    . . .      Spirit   .   a - +0 robe
rPois   .          Reflect  .   (no helmet)
rElec   .          Harm     .   (no cloak)
rCorr   .          Rampage  .   (no gloves)
Will    .....                   (no boots)
Stlth   ++........              (no amulet)
HPRegen 0.04/turn               (no ring)
MPRegen 0.08/turn               (no ring)

@: no status effects
A: no striking features
a: no special abilities


You were on level 1 of the Dungeon.
You visited 1 branch of the dungeon, and saw 1 of its levels.

Inventory:

Armour
 a - a +0 robe (worn)
Potions
 b - a potion of magic


   Skills:
 + Level 1.8 Dodging
 - Level 1.7 Stealth
 * Level 2.0 Spellcasting
 * Level 1.0 Conjurations
 + Level 2.7 Fire Magic


You had 3 spell levels left.
You knew the following spells:

 Your Spells              Type           Power      Damage    Failure   Level
a - Foxfire               Conj/Fire      28%        2x1d5     10%         1

Your spell library contained the following spells:

 Spells                   Type           Power      Damage    Failure   Level
 Scorch                   Fire           20%        2d6       10%         2
 Conjure Flame            Conj/Fire      7%         6-21      28%         3
 Inner Flame              Hex/Fire       6%         N/A       34%         3
 Flame Wave               Conj/Fire      7%         2d5       67%         4


Dungeon Overview and Level Annotations

Branches:
Dungeon (1/15)

Altars:


Message History

The jackal barely misses you. The jackal attacks as you move away!
The jackal misses you.
Casting: Foxfire (safe; 10% risk of failure)
Press: ? - help, Q - select action Dir - look around, f - activate You conjure some foxfire!
The jackal bites you but does no damage. x2
The jackal attacks as you move away! The jackal bites you.
The foxfire hits the jackal but does no damage.
The foxfire hits the jackal.
The jackal is heavily wounded.
You don't have enough magic to cast this spell.
You don't have enough magic to cast this spell.
The jackal misses you. The jackal attacks as you move away!
The jackal barely misses you. The jackal barely misses you.
The jackal closely misses you. The jackal bites you.
The jackal attacks as you move away! The jackal closely misses you.
Found 11 gold pieces.
Found a stone staircase leading down.
Casting: Foxfire (safe; 10% risk of failure)
Press: ? - help, Q - select action Dir - look around, f - activate You conjure some foxfire!
The jackal closely misses you. The jackal bites you.
The foxfire hits the jackal.
The jackal is severely wounded.
The foxfire hits the jackal.
You kill the jackal!
The jackal bites you but does no damage.
The jackal bites you.
* * * LOW HITPOINT WARNING * * *
You see here 11 gold pieces.
You completely miss the jackal. The jackal closely misses you.
You hit the jackal but do no damage.
The jackal bites you but does no damage.
You completely miss the jackal.
The jackal bites you but does no damage.
The jackal misses you.
You closely miss the jackal. The jackal bites you.
You die...

#................# ...
##.............#.####.#
#....##'##....#.†....#
#...##...##...###h####
#...#..<..#...# #.#
#...##...##...# #.#
#....##+##....# ..#
#.............# .##
#......h@.....#..
..........###......#
#....#####.# #####
#.... #..> #.... #####
#####


You could see a jackal.

Vanquished Creatures
  2 jackals (D:1)
2 creatures vanquished.

Vanquished Creatures (others)
  7 foxfires (D:1)
7 creatures vanquished.

Grand Total: 9 creatures vanquished

Notes
Turn   | Place    | Note
-------+----------+-------------------------------------------
     0 | D:1      | BiteMe the Demonspawn Fire Elementalist began the quest for
                  | the Orb.
     0 | D:1      | Reached XP level 1. HP: 13/13 MP: 3/3
    59 | D:1      | Slain by a jackal

Illustrated notes

Levels and vault maps discovered:
D:1:      dpeg_arrival_shelter, layout_basic, kennysheep_flooded_box,
          minmay_quantized

Action                   || total
-------------------------++-------
Melee: Unarmed           ||     4
 Cast: Foxfire           ||     5
Armor: Robe              ||     8
Dodge: Dodged            ||    12
